 Dungeon Crawl Stone Soup version 0.28.0-45-g0d030f2227 (webtiles) character file.

Game seed: 2669201542448823172

3530 issech the Basher (level 9, 0/79 HPs)
             Began as a Troll Monk on Apr 10, 2022.
             Was a Priest of Hepliaklqana.
             Succumbed to a killer bee's poison
             ... on level 8 of the Dungeon.
             The game lasted 00:26:33 (7030 turns).

issech the Basher (Troll Monk)                      Turns: 7030, Time: 00:26:33

Health: 0/79       AC:  7    Str: 21    XL:     9   Next: 82%
Magic:  8/8        EV: 12    Int:  6    God:    Hepliaklqana [***...]
Gold:   282        SH:  5    Dex: 16    Spells: 8/8 levels left

rFire   . . .      SeeInvis .   G - +0 giant club
rCold   . . .      Faith    .   (shield currently unavailable)
rNeg    . . .      Spirit   .   n - +2 robe
rPois   .          Reflect  +   (helmet restricted)
rElec   .          Harm     .   t - +0 cloak
rCorr   .          Rampage  .   (gloves unavailable)
Will    .....                   (boots unavailable)
Stlth   ++........              L - amulet of reflection
HPRegen 1.03/turn               (no ring)
MPRegen 0.11/turn               (no ring)

@: lethally poisoned (0 -> -1)
A: reduced essence, large, unfitting armour, claws 3, regeneration 1, shaggy fur
1, tough skin 1
a: Renounce Religion, Recall Ancestor, Ancestor Identity, Transference


You were on level 8 of the Dungeon.
You worshipped Hepliaklqana.
Hepliaklqana was most pleased with you.
You visited 2 branches of the dungeon, and saw 9 of its levels.
You also visited: Ossuary.

You collected 282 gold pieces.

Inventory:

Hand Weapons
 a - a +0 mace
 f - a +0 flail
 i - a +0 hunting sling
 p - a +0 dire flail
 E - a +4 quarterstaff of chaos
 G - a +0 giant club (weapon)
Missiles
 b - 8 poisoned darts
 d - 270 stones
 h - 79 sling bullets
 l - 102 arrows
 r - 34 bolts
 P - 7 large rocks (quivered)
Armour
 n - a +2 robe (worn)
 t - a +0 cloak (worn)
 F - a +0 cloak
 M - a +0 robe of willpower
Jewellery
 o - an amulet of regeneration
 w - an amulet of guardian spirit
 L - an amulet of reflection (around neck)
Wands
 m - a wand of digging (5)
 y - a wand of flame (7)
Scrolls
 c - 3 scrolls of enchant weapon
 q - a scroll of vulnerability
 u - 3 scrolls of teleportation {unknown}
 C - a scroll of silence {unknown}
 D - a scroll of brand weapon {unknown}
 H - a scroll of noise {unknown}
 I - a scroll of magic mapping {unknown}
 J - a scroll of fog {unknown}
 K - a scroll of immolation {unknown}
 N - 2 scrolls of fear {unknown}
 O - a scroll of identify
 R - a scroll of blinking
Potions
 e - a potion of haste {unknown}
 g - 2 potions of cancellation {unknown}
 j - 3 potions of heal wounds {unknown}
 k - a potion of might {unknown}
 s - a potion of resistance {unknown}
 v - 5 potions of curing {unknown}
 x - 2 potions of degeneration {unknown}
 z - a potion of berserk rage {unknown}
 A - 2 potions of attraction {unknown}
 B - 3 potions of flight {unknown}
 Q - a potion of mutation {unknown}


   Skills:
 + Level 5.3 Fighting
 + Level 9.2(9.3) Maces & Flails
 + Level 1.3(5.4) Staves
 + Level 4.0 Throwing
 + Level 5.0 Dodging
 + Level 2.8 Stealth
 + Level 1.1 Shields


You had 8 spell levels left.
You didn't know any spells.
Your spell library contained the following spells:

 Spells                   Type           Power      Damage    Failure   Level
 Portal Projectile        Hex/Tloc       0%         N/A       83%         3
 Blade Hands              Tmut           0%         N/A       100%        5
 Excruciating Wounds      Necr           0%         N/A       100%        5


Dungeon Overview and Level Annotations

Branches:
Dungeon (8/15)             Temple (1/1) D:7         Ossuary (visited)
   Lair: D:8-11

Altars:
Ashenzari
Cheibriados
Dithmenos
Elyvilon
Fedhas
Gozag
Hepliaklqana
Kikubaaqudgha
Makhleb
Nemelex Xobeh
Okawaru
Qazlal
Ru
Sif Muna
Trog
Uskayaw
Vehumet
Wu Jian
Xom
Yredelemnul
Zin
The Shining One

Shops:
D:8 ::


Innate Abilities, Weirdness & Mutations

Your life essence is reduced to manifest your ancestor. (-10% HP)
You are too large for most types of armour.
You have claws for hands.
Your natural rate of healing is unusually fast.
You are covered in fur. (AC +1)
You have tough skin. (AC +1)


Message History

You feel sick. The killer bee stings you.
You are more poisoned.
The killer bee poisons you!
You bludgeon the killer bee!!
You kill the killer bee!
You feel very sick. The killer bee misses you.
A two-headed ogre comes into view. It is wielding two +0 giant clubs.
You feel very sick. The killer bee barely misses you.
The two-headed ogre barely misses you. x2
Items here: ( )) ††.
You feel very sick. The killer bee barely misses you.
You block the two-headed ogre's attack. The two-headed ogre barely misses you.
You feel sick. The killer bee closely misses you.
The two-headed ogre misses you.
The two-headed ogre hits you with a +0 giant club!
* * * LOW HITPOINT WARNING * * *
You feel sick. The killer bee stings you.
* * * LOW HITPOINT WARNING * * *
You are more poisoned.
The killer bee poisons you! The killer bee closely misses you.
You feel sick. You block the killer bee's attack. The killer bee stings you.
* * * LOW HITPOINT WARNING * * *
You are more poisoned.
The killer bee poisons you!
You feel very sick. The killer bee barely misses you.
You feel very sick. The killer bee stings you!
* * * LOW HITPOINT WARNING * * *
The killer bee stings you but does no damage.
* * * LOW HITPOINT WARNING * * *
You feel sick. You block the killer bee's attack.
The killer bee barely misses you.
There is an open door here.
The sentinel's mark upon you fades away.
* * * LOW HITPOINT WARNING * * *
You feel sick. The killer bee barely misses you.
You die...

..............####...........#
.............# #.............#
# ##........##...#...........#
. #............###...........#
. #∩.##.## #####.......# ##
#.....##########.......# .
##..#..........#.......#
########)Kh.yO##########.#####
K....K))...#.yy.@>..∩..'.#
########...#..####.>####.# #
#####.........# #.# #
#.........# #.# . #.........#
#.# . ...........##.# .
.#.<.........#.# ..
############...# .....


You could see a two-headed ogre, a black bear, a kobold brigand and 3 killer
bees.

Vanquished Creatures
  Sigmund (D:2)
  A yak (D:8)
  A sky beast (D:5)
  An ice beast (D:8)
  A necrophage (D:5)
  4 ogres
  2 centaurs
  A bullfrog (D:6)
  A gnoll sergeant (D:8)
  2 scorpions
  3 water moccasin zombies (Ossuary)
  A water moccasin skeleton (D:6)
  2 killer bees (D:8)
  Crazy Yiuf (D:4)
  A bullfrog skeleton (D:6)
  A bullfrog zombie (D:5)
  A centaur skeleton (D:6)
  4 hounds
  An iguana (D:7)
  6 orc wizards
  A hound zombie (D:5)
  2 mummies (Ossuary)
  2 howler monkey zombies
  Robin (D:2)
  6 gnolls (D:8)
  2 adders (D:3)
  A white imp (D:5)
  An adder skeleton (D:4)
  7 adder zombies (Ossuary)
  4 worms
  4 dart slugs
  15 orcs
  7 endoplasms
  2 giant cockroaches
  17 goblins
  10 hobgoblins
  3 jackals (D:3)
  5 kobolds
  5 quokkas
  11 ball pythons
  9 bats
  3 frilled lizards
  3 gnoll zombies (Ossuary)
  5 hobgoblin zombies (Ossuary)
  2 kobold zombies (Ossuary)
  8 orc zombies (Ossuary)
  A quokka skeleton (D:4)
  7 rats
180 creatures vanquished.

Vanquished Creatures (collateral kills)
  3 yaks (D:8)
  A sky beast (D:6)
  An orc warrior (D:6)
  An ogre (D:5)
  Blork the orc (D:5)
  A bullfrog (D:7)
  2 scorpions
  A killer bee (D:8)
  2 howler monkeys (D:7)
  A hound (D:5)
  A jelly (D:6)
  A bullfrog skeleton (D:6)
  2 orc wizards (D:6)
  An adder (D:5)
  A shadow imp (D:7)
  An orc (D:6)
21 creatures vanquished.

Vanquished Creatures (others)
  2 battlemagi
2 creatures vanquished.

Grand Total: 203 creatures vanquished

Notes
Turn   | Place    | Note
-------+----------+-------------------------------------------
     0 | D:1      | issech the Troll Monk began the quest for the Orb.
     0 | D:1      | Reached XP level 1. HP: 22/22 MP: 0/0
    68 | D:1      | Found a faded altar of an unknown god.
   113 | D:1      | Reached XP level 2. HP: 24/29 MP: 1/1
   233 | D:1      | Reached skill level 3 in Maces & Flails
   508 | D:1      | Reached XP level 3. HP: 36/36 MP: 2/2
  1009 | D:2      | Noticed Sigmund
  1132 | D:2      | Killed Sigmund
  1133 | D:2      | Reached skill level 1 in Throwing
  1133 | D:2      | Reached XP level 4. HP: 39/45 MP: 3/3
  1133 | D:2      | Reached XP level 5. HP: 47/53 MP: 4/4
  1431 | D:2      | Noticed Robin
  1443 | D:2      | Reached skill level 4 in Maces & Flails
  1457 | D:2      | Killed Robin
  1980 | D:3      | Reached XP level 6. HP: 61/61 MP: 5/5
  2849 | D:4      | Found a sand-covered staircase.
  2879 | Ossuary  | Entered an ossuary
  3020 | Ossuary  | Reached skill level 5 in Maces & Flails
  3020 | Ossuary  | Reached XP level 7. HP: 67/67 MP: 6/6
  3525 | D:4      | Found a white marble altar of Elyvilon.
  3543 | D:4      | Found a snail-covered altar of Cheibriados.
  3598 | D:4      | Found a runed translucent door.
  3599 | D:4      | Noticed Crazy Yiuf
  3924 | D:4      | Killed Crazy Yiuf
  4049 | D:5      | Entered Level 5 of the Dungeon
  4077 | D:5      | Reached skill level 6 in Maces & Flails
  4116 | D:5      | Reached XP level 8. HP: 71/78 MP: 7/7
  4257 | D:5      | Found a hazy altar of Hepliaklqana.
  4268 | D:5      | Became a worshipper of Hepliaklqana the Forgotten
  4268 | D:5      | Reached * piety under Hepliaklqana
  4268 | D:5      | Reached ** piety under Hepliaklqana
  4269 | D:5      | Remembered your ancestor Xochipepe as a battlemage
  4827 | D:5      | Found an iron altar of Okawaru.
  4882 | D:5      | Noticed Blork the orc
  4884 | D:5      | Killed Blork the orc
  4926 | D:5      | Reached skill level 1 in Staves
  5163 | D:6      | Reached skill level 7 in Maces & Flails
  5536 | D:6      | Reached XP level 9. HP: 67/76 MP: 8/8
  5807 | D:6      | Found a faded altar of an unknown god.
  5807 | D:6      | Found a stormy altar of Qazlal.
  5814 | D:6      | Found a shimmering blue altar of Sif Muna.
  5816 | D:6      | Found a bloodstained altar of Trog.
  5818 | D:6      | Found a faded altar of an unknown god.
  6002 | D:6      | Reached skill level 8 in Maces & Flails
  6004 | D:6      | Reached *** piety under Hepliaklqana
  6080 | D:7      | Found a staircase to the Ecumenical Temple.
  6139 | Temple   | Entered the Ecumenical Temple
  6449 | D:7      | Noticed a +0 spear
  6449 | D:7      | Noticed a +0 dagger
  6449 | D:7      | Noticed a +0 dagger
  6450 | D:7      | Noticed a +0 short sword
  6452 | D:7      | Noticed a +0 short sword
  6452 | D:7      | Noticed a +0 falchion
  6453 | D:7      | Noticed a +0 falchion
  6453 | D:7      | Noticed a +0 spear
  6455 | D:7      | Found a hide-covered altar of Uskayaw.
  6753 | D:7      | Reached skill level 5 in Fighting
  6886 | D:8      | Found Elaffonen's Book Shop.
  6908 | D:8      | Found Vitoadorgh's Book Emporium.
  6924 | D:8      | Reached skill level 1 in Shields
  6926 | D:8      | Reached skill level 5 in Dodging
  6954 | D:8      | Reached skill level 9 in Maces & Flails
  7020 | D:8      | Noticed a two-headed ogre
  7027 | D:8      | HP: 3/79 [killer bee (7)]
  7029 | D:8      | HP: 1/79 [poisoned by a killer bee]
  7030 | D:8      | Succumbed to a killer bee's poison

Illustrated notes

Levels and vault maps discovered:
D:1:      dpeg_arrival_rooms_with_view, layout_basic,
          dreamdust_ecumenical_altar_statues, minmay_crystal_water, minivault_26
D:2:      layout_basic, uniq_robin, uniq_sigmund
D:3:      layout_basic, minmay_misc_feat_alley
D:4:      layout_basic, nicolae_overflow_squiral,
          nicolae_ossuary_entry_monument, uniq_crazy_yiuf_cottage
D:5:      layout_basic, lemuel_crystal_altar, lemuel_round_altar,
          uniq_blork_the_orc
D:6:      layout_basic, chequers_temple_overflow_minitemple
D:7:      layout_rooms, nicolae_uskayaw_en_pointe, minmay_temple_entry_statues
D:8:      layout_rooms, serial_shops, shop, shop, kennysheep_little_box,
          nicolae_diamond_shop, nicolae_shop_hallway_stairs,
          nicolae_shop_firing_range
Temple:   dpeg_chambers_temple

Skill      XL: |  1  2  3  4  5  6  7  8  9 |
---------------+----------------------------+-----
Maces & Flails | 3 4 5 6 7 9 |  9.2
Dodging        | 3 4 5 |  5.0
Fighting       | 3 4 5 |  5.3
Throwing       | 1 2 3 4 |  4.0
Stealth        | 2 |  2.8
Staves         | 1 |  1.3
Shields        | 1 |  1.1

Action                   |  1- 3 |  4- 6 |  7- 9 || total
-------------------------+-------+-------+-------++-------
Melee: Mace              |   106 |    79 |       ||   185
       Punch             |     1 |     4 |     1 ||     6
       Flail             |       |   104 |   124 ||   228
       Quarterstaff      |       |       |    15 ||    15
       Giant club        |       |       |   106 ||   106
Throw: Stone             |     7 |     1 |       ||     8
       Large rock        |    11 |    32 |    37 ||    80
Invok: Ancestor Life: Ba |       |       |     1 ||     1
  Use: Scroll            |       |     3 |       ||     3
 Stab: Sleeping          |     3 |     1 |     3 ||     7
       Distracted        |       |     1 |     2 ||     3
Armor: Robe              |    69 |   100 |    93 ||   262
Dodge: Dodged            |   103 |    98 |   145 ||   346
Block: Other             |       |       |    22 ||    22
